cohdb
Replays
Latest Replays
All Replays
Popular Replays
Top Player Replays
Match Explorer
How It Works
Community
CoH3 Stats
Reddit
Sign in to upload your games and track your stats! →
Sign in with Steam
Match 42308218
Unlisted
Match 42308218
Overview
Messages
Build Orders
End
Kettenkrad Recon Vehicle
Construct Infanterie Kompanie
MG 42 Machine Gun Team
Grenadier Squad
Grenadier Squad
Medical Station
Selects Mechanized Battlegroup
Selects Spotting Scopes
Construct Panzergrenadier Kompanie
Pak 40 Anti-tank Gun Team
Selects Raid Package
ro
Abeli
PINGWIN
Greg the Human
0
0
Comments
sign in to comment!
No comments posted yet!